 Dungeon Crawl Stone Soup version 0.29.1-12-g30fa7ad0bf (webtiles) character file.

Game seed: 13092806647582752284

172 WarchitectNL the Grave Robber (level 5, -5/35 HPs)
             Began as a Human Necromancer on Jan 14, 2023.
             Slain by an ogre
             ... wielding a +0 giant spiked club
              (20 damage)
             ... on level 4 of the Dungeon.
             The game lasted 00:18:04 (3438 turns).

WarchitectNL the Grave Robber (Human Necromancer)   Turns: 3438, Time: 00:18:04

Health: -5/35      AC:  3    Str:  8    XL:     5   Next: 82%
Magic:  6/10       EV: 12    Int: 18    God:
Gold:   119        SH:  0    Dex: 13    Spells: 3/11 levels left

rFire   . . .      SeeInvis .   c - +1 dagger (vorpal)
rCold   . . .      Faith    .   (no shield)
rNeg    + . .      Spirit   .   a - +1 robe
rPois   .          Reflect  .   (no helmet)
rElec   .          Harm     .   (no cloak)
rCorr   .          Rampage  .   (no gloves)
Will    .....                   (no boots)
Stlth   ++........              (no amulet)
HPRegen 0.11/turn               o - ring of positive energy
MPRegen 0.12/turn               (no ring)

@: no status effects
A: no striking features
a: no special abilities


You were on level 4 of the Dungeon.
You visited 1 branch of the dungeon, and saw 4 of its levels.

You collected 119 gold pieces.

Inventory:

Hand Weapons
 c - a +1 vorpal dagger (weapon)
Armour
 a - a +1 robe (worn)
Jewellery
 o - a ring of positive energy (left hand)
Wands
 p - a wand of flame (9)
Scrolls
 e - 2 scrolls of poison
 h - 4 scrolls of enchant armour
 j - a scroll of enchant weapon
 l - a scroll of brand weapon
 m - 2 scrolls of teleportation
 n - 2 scrolls of identify
Potions
 b - a potion of magic
 d - 2 potions of curing
 f - a potion of haste {unknown}
 g - 2 potions of attraction {unknown}
 i - 4 potions of flight {unknown}
 k - a potion of resistance {unknown}
 q - a potion of ambrosia {unknown}


   Skills:
 - Level 2.0 Dodging
 - Level 2.0 Stealth
 + Level 3.8 Spellcasting
 + Level 5.4 Necromancy


You had 3 spell levels left.
You knew the following spells:

 Your Spells              Type           Power      Damage    Failure   Level
a - Necrotise             Necr           92%        1d8       1%          1
b - Vampiric Draining     Necr           23%        2d7       4%          3
c - Animate Dead          Necr           23%        N/A       16%         4

Your spell library contained the following spells:

 Spells                   Type           Power      Damage    Failure   Level
 Summon Small Mammal      Summ           12%        N/A       16%         1
 Call Canine Familiar     Summ           3%         N/A       41%         3
 Summon Guardian Golem    Hex/Summ       3%         N/A       41%         3
 Agony                    Necr           23%        N/A       41%         5


Dungeon Overview and Level Annotations

Branches:
Dungeon (4/15)
 Temple: D:4-7

Altars:


Message History

An ogre comes into view. It is wielding a +0 giant spiked club.
Found 4 poisoned darts.
The ogre shouts!
The endoplasm quivers.
You hear a shout! x2; You hear an angry hiss.
You hear a shout!
Aiming: Necrotise (safe; 1% risk of failure)
Press: ? - help, Q - select action, (/) - cycle Shift-Dir - straight line, f - endoplasm
Aim: an endoplasm (chance to affect: 91%)
The endoplasm writhes in agony.
Aiming: Necrotise (safe; 1% risk of failure)
Press: ? - help, Q - select action, (/) - cycle Shift-Dir - straight line, f/p - endoplasm
Aim: an endoplasm (moderately wounded, ally target, chance to affect: 91%)
The endoplasm writhes in agony.
You kill the endoplasm!
Aiming: Necrotise (safe; 1% risk of failure)
Press: ? - help, Q - select action, (/) - cycle Shift-Dir - straight line, f - ogre
Aim: an ogre, wielding a +0 giant spiked club (ally target, chance to affect: 81%)
The ogre writhes in agony.
The ogre barely misses your kobold skeleton.
Something hits your kobold skeleton!!
Your kobold skeleton is destroyed!
Aiming: Necrotise (safe; 1% risk of failure)
Press: ? - help, Q - select action, (/) - cycle Shift-Dir - straight line, f/p - ogre
Aim: an ogre, wielding a +0 giant spiked club (lightly wounded, chance to affect: 81%)
The ogre writhes in agony.
The ogre attacks as you move away! The ogre barely misses you.
Aiming: Necrotise (safe; 1% risk of failure)
Press: ? - help, Q - select action, (/) - cycle Shift-Dir - straight line, f/p - ogre
Aim: an ogre, wielding a +0 giant spiked club (moderately wounded, chance to affect: 81%)
The ogre barely resists.
Aiming: Necrotise (safe; 1% risk of failure)
Press: ? - help, Q - select action, (/) - cycle Shift-Dir - straight line, f/p - ogre
Aim: an ogre, wielding a +0 giant spiked club (moderately wounded, chance to affect: 81%)
The ogre writhes in agony.
The ogre hits you with a +0 giant spiked club!!
Ouch! That really hurt!
The ogre attacks as you move away!
The ogre hits you with a +0 giant spiked club!!
Ouch! That really hurt!
You die...

#...# ##.#.. #...# ######
#...... #...# #....#####.#
..# ###...# #.#........#
#O# #.#...# #.#........#
#.## #<#..)###.#........#
#..##
#.#.......#........####..#
#.###.#####............#.#
#.# #.# #....@O......#.#
#.###.#####.......#....#..
#........##.......#....###.
#......(.##.......#....# ##
#........#........#....#
##.......#...######....#
#.......#...# #...)#
#.......#...# ######
#############


You could see an ogre.

Vanquished Creatures
  Ijyb (D:3)
  An orc wizard (D:3)
  A gnoll (D:1)
  4 adders
  2 worms
  2 dart slugs
  3 orcs (D:3)
  2 bats (D:1)
  3 bat skeletons (D:2)
  A bat zombie (D:2)
  5 endoplasms
  3 giant cockroaches
  2 goblins (D:3)
  7 hobgoblins
  2 jackals (D:1)
  A quokka (D:2)
  5 ball pythons
  5 frilled lizards
  A jackal skeleton (D:2)
  5 kobolds
  7 rats
63 creatures vanquished.

Vanquished Creatures (collateral kills)
  A jackal (D:1)
  A rat (D:1)
2 creatures vanquished.

Vanquished Creatures (others)
  A withered plant (D:2)
1 creature vanquished.

Grand Total: 66 creatures vanquished

Notes
Turn   | Place    | Note
-------+----------+-------------------------------------------
     0 | D:1      | WarchitectNL the Human Necromancer began the quest for the
                  | Orb.
     0 | D:1      | Reached XP level 1. HP: 13/13 MP: 3/3
   109 | D:1      | Reached XP level 2. HP: 10/19 MP: 0/5
   515 | D:1      | Reached XP level 3. HP: 24/24 MP: 4/6
   519 | D:1      | Learned a level 3 spell: Vampiric Draining
  1498 | D:2      | Reached XP level 4. HP: 30/30 MP: 0/8
  2193 | D:3      | Reached skill level 5 in Necromancy
  2223 | D:3      | Reached XP level 5. HP: 33/35 MP: 1/10
  2664 | D:3      | Noticed Ijyb
  2671 | D:3      | Killed Ijyb
  3113 | D:3      | Found a faded altar of an unknown god.
  3207 | D:3      | Learned a level 4 spell: Animate Dead
  3420 | D:4      | Noticed an ogre
  3438 | D:4      | Slain by an ogre

Illustrated notes

Levels and vault maps discovered:
D:1:      matt_arrival_los_fun, layout_basic
D:2:      layout_loops_ring, serial_undead, serial_undead_c, serial_undead_c,
          serial_undead_a, serial_undead_a
D:3:      layout_loops_corners, ebering_ecumenical_altar_sacrificial,
          nrook_mini_backslash, uniq_ijyb
D:4:      layout_basic, nicolae_overflow_hidden_temple, enter_ossuary_2,
          uniq_robin

Skill      XL: |  1  2  3  4 |
---------------+-------------+-----
Spellcasting   | 3 |  3.8
Necromancy     | 5 |  5.4
Dodging        | |  2.0
Stealth        | |  2.0

Action                   |  1- 3 |  4- 6 || total
-------------------------+-------+-------++-------
Melee: Dagger            |    26 |     6 ||    32
 Cast: Necrotise         |    51 |    68 ||   119
       Vampiric Draining |       |     2 ||     2
  Use: Scroll            |     4 |     5 ||     9
 Stab: Sleeping          |     1 |       ||     1
Armor: Robe              |    26 |     5 ||    31
Dodge: Dodged            |    42 |     6 ||    48
